[Event "Titled Tuesday Blitz March 28 Early 2023"]
[White "Lazavik, Denis"]
[Black "Gholami Orimi, Mahdi"]
[WhiteFideId "13515110"]
[BlackFideId "12558486"]
[WhiteElo "2560"]
[BlackElo "2363"]
[Result "0-1"]
[Round "09"]
[TimeControl "180+2"]
[Date "2023.03.28"]
[WhiteClock "0:00:04"]
[BlackClock "0:00:13"]

1. d4 Nf6 2. c4 e6 3. Nf3 d5 4. g3 Bb4+ 5. Bd2 Be7 6. Bg2 O-O 7. Qc2 c6 8. h4 h6 9. Nc3 dxc4 10. e4 b5 11. e5 Nh7 12. Qe4 b4 13. Ne2 Nd7 14. Nf4 Kh8 15. O-O Nb6 16. Nh5 Nd5 17. Rac1 Ba6 18. Rfe1 c5 19. Bf1 cxd4 20. Nxd4 Rc8 21. Red1 Qe8 22. Qg4 Rg8 23. b3 Nb6 24. Nf4 Bb7 25. bxc4 Nd7 26. Re1 g5 27. hxg5 Rxg5 28. Qh3 Bc5 29. Nb3 Nxe5 30. Bg2 Nf3+ 31. Kf1 Bf8 32. Re3 Nxd2+ 33. Nxd2 Bxg2+ 34. Qxg2 Rd8 35. Ne4 Rf5 36. Qh3 Ng5 37. Nxg5 Rxg5 38. Kg1 Qc6 39. c5 Rxc5 40. Rxc5 Qxc5 41. Kg2 Qc6+ 42. Rf3 e5 0-1


[Site "https://www.chess.com"]

[Event "Titled Tuesday Blitz March 28 Early 2023"]
[White "Le, Tuan Minh"]
[Black "Shimanov, Aleksandr"]
[WhiteFideId "12401153"]
[BlackFideId "4198603"]
[WhiteElo "2558"]
[BlackElo "2631"]
[Result "1-0"]
[Round "09"]
[TimeControl "180+2"]
[Date "2023.03.28"]
[WhiteClock "0:00:09"]
[BlackClock "0:00:02"]

1. d4 Nf6 2. Nf3 g6 3. Bg5 Bg7 4. Nbd2 d5 5. c3 O-O 6. e3 Nbd7 7. Bd3 Re8 8. O-O e5 9. e4 exd4 10. cxd4 dxe4 11. Nxe4 h6 12. Qb3 Nf8 13. Nxf6+ Bxf6 14. Bxh6 Be6 15. Bc4 Bxc4 16. Qxc4 Ne6 17. d5 Ng7 18. Rfd1 Rc8 19. Rac1 Qd7 20. h3 Nf5 21. Bf4 Nd6 22. Qb3 Re2 23. Rc2 Rce8 24. Be3 Rxc2 25. Qxc2 Nf5 26. Bf4 Rc8 27. b3 c5 28. d6 Nd4 29. Nxd4 Bxd4 30. Re1 Re8 31. Re2 b5 32. Qd1 Re6 33. Qe1 Rxe2 34. Qxe2 Bf6 35. Qe4 Kg7 36. Qd5 Bd4 37. Be5+ f6 38. Bxd4 cxd4 39. Qxd4 a5 40. Qc5 Kf7 41. Qd5+ Kg7 42. h4 a4 43. bxa4 bxa4 44. a3 Kf8 45. g3 Kg7 46. Qc5 Kh6 47. Qc1+ g5 48. hxg5+ fxg5 49. Qc7 Qe6 50. d7 Qe1+ 51. Kg2 Qe4+ 52. Kh2 Qe2 53. Qb6+ Kh5 54. d8=Q 1-0


[Site "https://www.chess.com"]

[Event "Titled Tuesday Blitz March 28 Early 2023"]
[White "Demchenko, Anton"]
[Black "Sasikiran, Krishnan"]
[WhiteFideId "4160258"]
[BlackFideId "5004985"]
[WhiteElo "2545"]
[BlackElo "2567"]
[Result "1-0"]
[Round "09"]
[TimeControl "180+2"]
[Date "2023.03.28"]
[WhiteClock "0:00:14"]
[BlackClock "0:00:27"]

1. e4 c5 2. Nf3 d6 3. d4 cxd4 4. Nxd4 Nf6 5. Nc3 a6 6. f3 e5 7. Nb3 Be6 8. Be3 h5 9. Qd2 Nbd7 10. O-O-O Be7 11. Bg5 b5 12. a3 O-O 13. h4 Rc8 14. Kb1 Qc7 15. g4 Rfe8 16. gxh5 Nxh5 17. Bxe7 Rxe7 18. Qxd6 Qxd6 19. Rxd6 Nb8 20. Bh3 Bxh3 21. Rxh3 Nf4 22. Rh2 Rd7 23. Rhd2 Rxd6 24. Rxd6 Kh7 25. Nd5 Ng2 26. h5 Ne1 27. Nb4 Nxf3 28. Nxa6 Nxa6 29. Rxa6 g5 30. hxg6+ fxg6 31. Rf6 Ne1 32. Rf1 Ng2 33. Nd2 Ne3 34. Re1 Ng2 35. Rg1 Nf4 36. Nf3 Re8 37. Rg5 Kh6 38. Rxe5 Rf8 39. Rxb5 Ne6 40. Ne5 Rf1+ 41. Ka2 Nd4 42. Rb6 Nxc2 43. Rxg6+ Kh5 44. Rd6 Re1 45. Rd2 Ne3 46. Nd3 Rf1 47. Re2 Nc4 48. e5 1-0


[Site "https://www.chess.com"]

[Event "Titled Tuesday Blitz March 28 Early 2023"]
[White "Aradhya, Garg"]
[Black "Kramnik, Vladimir"]
[WhiteFideId "25006746"]
[BlackFideId "4101588"]
[WhiteElo "2263"]
[BlackElo "2712"]
[Result "0-1"]
[Round "09"]
[TimeControl "180+2"]
[Date "2023.03.28"]
[WhiteClock "0:00:01"]
[BlackClock "0:00:16"]

1. d4 d5 2. c4 c6 3. Nf3 Nf6 4. Nc3 e6 5. e3 Nbd7 6. Qc2 Bd6 7. Be2 O-O 8. O-O dxc4 9. a4 c5 10. Bxc4 cxd4 11. exd4 h6 12. Qe2 b6 13. Ne5 Bb7 14. Bf4 Qe7 15. Rfe1 Rac8 16. a5 bxa5 17. Rxa5 Bb8 18. Bg3 Nxe5 19. dxe5 Nd7 20. Bd3 Nc5 21. Bb1 Rfd8 22. Qg4 Qg5 23. Qxg5 hxg5 24. h4 gxh4 25. Bxh4 Rd2 26. Re2 Rxe2 27. Nxe2 a6 28. Bg3 Ba7 29. Ra3 Rd8 30. Nc3 Bb6 31. b4 Nd3 32. Nd5 Nxb4 33. Nxb6 Rd1+ 34. Kh2 Rxb1 35. Rc3 a5 36. Rc7 Bc6 37. Ra7 a4 38. Bf4 Rb3 39. Be3 a3 40. Bc5 Nc2 41. Nc4 Rb5 42. Bxa3 Nxa3 0-1


[Site "https://www.chess.com"]

[Event "Titled Tuesday Blitz March 28 Early 2023"]
[White "Erigaisi Arjun"]
[Black "Ibarra Jerez, Jose Carlos"]
[WhiteFideId "35009192"]
[BlackFideId "2226332"]
[WhiteElo "2737"]
[BlackElo "2638"]
[Result "1-0"]
[Round "09"]
[TimeControl "180+2"]
[Date "2023.03.28"]
[WhiteClock "0:00:10"]
[BlackClock "0:00:03"]

1. b3 c5 2. Bb2 d6 3. e4 Nf6 4. Nc3 g6 5. f4 Bg7 6. e5 dxe5 7. fxe5 Nd5 8. Nf3 O-O 9. Bc4 Nb6 10. O-O Nxc4 11. bxc4 Bxe5 12. Nxe5 Qd4+ 13. Kh1 Qxe5 14. Rb1 Nc6 15. Nd5 Qd6 16. Qf3 Be6 17. d3 Rad8 18. Nf4 Bc8 19. Rbe1 e5 20. Nd5 f5 21. Qg3 Rde8 22. h4 f4 23. Qf2 Nd4 24. Nc3 b6 25. Ne4 Qd8 26. Ng5 Bg4 27. Re4 h6 28. Bxd4 exd4 29. Rxe8 Qxe8 30. Ne4 Qe5 31. Re1 Kg7 32. a4 Re8 33. a5 Qf5 34. Nd6 Rxe1+ 35. Qxe1 Qe6 36. Ne4 Bf5 37. axb6 axb6 38. Qa1 Bxe4 39. dxe4 Qe7 40. Kg1 g5 41. Qa6 Qxe4 42. Qa7+ Kg6 43. Qxb6+ Kh5 44. hxg5 Qe1+ 45. Kh2 Qg3+ 46. Kg1 hxg5 47. Qd8 Qe3+ 48. Kh1 Qe1+ 49. Kh2 Qg3+ 50. Kh1 Qe1+ 51. Kh2 Qe5 52. Kg1 g4 53. Kf1 f3 54. gxf3 gxf3 55. Kf2 Qe3+ 56. Kg3 f2+ 57. Kg2 Qe2 58. Qh8+ Kg6 59. Qg8+ Kh6 60. Qf8+ Kg6 61. Qxf2 Qxf2+ 62. Kxf2 Kf5 63. Kf3 Ke5 64. Kf2 Kf4 65. Ke2 Ke4 66. Kd2 Kf3 67. Kd3 Kf4 68. Kd2 Kf3 69. Kd3 Kf2 70. Ke4 Ke2 71. Kd5 Kd2 72. Kxc5 Kc3 73. Kd5 1-0


[Site "https://www.chess.com"]

[Event "Titled Tuesday Blitz March 28 Early 2023"]
[White "Durarbayli, Vasif"]
[Black "Vidit, Santosh Gujrathi"]
[WhiteFideId "13402935"]
[BlackFideId "5029465"]
[WhiteElo "2543"]
[BlackElo "2651"]
[Result "1-0"]
[Round "09"]
[TimeControl "180+2"]
[Date "2023.03.28"]
[WhiteClock "0:00:04"]
[BlackClock "0:00:12"]

1. e4 c5 2. Nf3 d6 3. d4 cxd4 4. Nxd4 Nf6 5. Nc3 Nc6 6. Bg5 e6 7. Qd2 a6 8. O-O-O Bd7 9. Kb1 Nxd4 10. Qxd4 h6 11. Bc1 Rc8 12. f4 Bc6 13. Bd3 Qc7 14. Rhe1 Be7 15. Qg1 b5 16. a3 Qb7 17. e5 dxe5 18. fxe5 Nd7 19. Qd4 a5 20. Ne4 O-O 21. Bxh6 Rfd8 22. Bg5 Nc5 23. Nxc5 Rxd4 24. Nxb7 Bxg5 25. Nd6 Rxd6 26. exd6 Bd7 27. Bxb5 Bxb5 28. Re5 Ba4 29. b3 Bf6 30. Rxa5 Bd7 31. Ra7 Rd8 32. a4 e5 33. a5 e4 34. Rc7 e3 35. Re1 Bg5 36. g3 Bg4 37. h4 Bh6 38. a6 e2 39. a7 Be3 40. d7 Kh7 41. Rc8 Rxd7 42. a8=Q Rd1+ 43. Ka2 Rxe1 44. Rh8+ Kg6 45. Qe4+ f5 46. Qxe3 1-0


[Site "https://www.chess.com"]

[Event "Titled Tuesday Blitz March 28 Early 2023"]
[White "Bluebaum, Matthias"]
[Black "Koustav, Chatterjee"]
[WhiteFideId "24651516"]
[BlackFideId "25073060"]
[WhiteElo "2638"]
[BlackElo "2432"]
[Result "1-0"]
[Round "09"]
[TimeControl "180+2"]
[Date "2023.03.28"]
[WhiteClock "0:00:40"]
[BlackClock "0:00:09"]

1. d4 Nf6 2. c4 e6 3. Nc3 Bb4 4. e3 O-O 5. Bd2 c5 6. a3 Bxc3 7. Bxc3 Ne4 8. Ne2 b6 9. d5 Ba6 10. Qd3 Nxc3 11. Nxc3 e5 12. d6 Nc6 13. Qf5 g6 14. Qh3 f5 15. Nd5 Rc8 16. Qh6 Rf7 17. h4 Qf8 18. Qg5 Qxd6 19. O-O-O Qe6 20. h5 Ne7 21. hxg6 hxg6 22. Rh6 Rg7 23. Be2 Bb7 24. Bf3 Bxd5 25. cxd5 Qd6 26. Rdh1 Kf7 27. e4 Qf6 28. Qd2 fxe4 29. d6 exf3 30. dxe7 Kxe7 31. g3 c4 32. Rd1 Qe6 33. Qg5+ Kf7 34. Qe3 e4 35. Rh4 d5 36. Rf4+ Ke7 37. Rd4 Rf7 38. Rfxe4 dxe4 39. Rxe4 Qxe4 40. Qxe4+ Kf8 41. Qxg6 Rcc7 42. Qh6+ Ke7 43. g4 c3 44. g5 cxb2+ 45. Kxb2 Kd8 46. Qh8+ Kd7 47. g6 Re7 48. g7 Rxg7 49. Qxg7+ 1-0


[Site "https://www.chess.com"]

[Event "Titled Tuesday Blitz March 28 Early 2023"]
[White "Ivic, Velimir"]
[Black "Yoo, Christopher Woojin"]
[WhiteFideId "950122"]
[BlackFideId "30909694"]
[WhiteElo "2563"]
[BlackElo "2519"]
[Result "1-0"]
[Round "09"]
[TimeControl "180+2"]
[Date "2023.03.28"]
[WhiteClock "0:00:06"]
[BlackClock "0:00:01"]

1. e4 c5 2. Nf3 e6 3. d4 cxd4 4. Nxd4 Nc6 5. Nc3 Qc7 6. Be3 a6 7. Bd3 Nf6 8. Qe2 b5 9. Nxc6 dxc6 10. a4 b4 11. Nb1 c5 12. Nd2 Bb7 13. f4 Be7 14. O-O h5 15. h3 h4 16. Rfc1 Nh5 17. Qf2 Ng3 18. c3 Rd8 19. Bb1 Qd7 20. a5 O-O 21. Bc2 bxc3 22. bxc3 f5 23. Rd1 Qc6 24. Rab1 fxe4 25. Rb6 Qc8 26. Nc4 Rxd1+ 27. Bxd1 Bd5 28. Ne5 Bd8 29. Rb1 Bxa5 30. c4 Ba8 31. Ba4 Rd8 32. Ng6 Nf5 33. Nxh4 Nxe3 34. Qxe3 Qc7 35. Ng6 Rd3 36. Qe2 Rg3 37. Qh5 Rxg6 38. Qxg6 Qxf4 39. Qe8+ 1-0


[Site "https://www.chess.com"]

[Event "Titled Tuesday Blitz March 28 Early 2023"]
[White "Ozen, Deniz"]
[Black "Martinez Alcantara, Jose Eduardo"]
[WhiteFideId "6349196"]
[BlackFideId "3805662"]
[WhiteElo "2303"]
[BlackElo "2712"]
[Result "0-1"]
[Round "09"]
[TimeControl "180+2"]
[Date "2023.03.28"]
[WhiteClock "0:00:05"]
[BlackClock "0:00:23"]

1. e4 c5 2. Nf3 d6 3. Bb5+ Nd7 4. O-O a6 5. Bd3 Ngf6 6. c3 e6 7. Bc2 b5 8. d4 Bb7 9. Re1 Qc7 10. Nbd2 Be7 11. Nf1 O-O 12. Ng3 Rfe8 13. h3 e5 14. d5 c4 15. Be3 g6 16. Qd2 Nc5 17. Rad1 Bf8 18. Bh6 Bxh6 19. Qxh6 Qe7 20. Nh2 Qf8 21. Qe3 h5 22. Nf3 Qg7 23. Nh4 Bc8 24. Rf1 Nh7 25. Nf3 Bd7 26. Ng5 h4 27. Nxh7 Kxh7 28. Ne2 g5 29. f3 a5 30. Kh2 f6 31. Qd2 Rec8 32. Qe3 Rab8 33. Kh1 Kg8 34. Rf2 Kf8 35. Rdf1 Ke7 36. Rd1 Qh8 37. Rff1 b4 38. Qd2 Rc7 39. Nc1 Qc8 40. Ne2 Rcb7 41. Rb1 a4 42. a3 bxa3 43. bxa3 Rb2 44. Rxb2 Rxb2 45. Rb1 Rxb1+ 46. Bxb1 Bxh3 47. Ng1 Bd7 48. Bc2 Qb7 49. Qc1 Qb6 50. Ne2 Nd3 51. Qd2 Qf2 52. Bxd3 cxd3 53. Qxd3 h3 54. gxh3 Bxh3 0-1


[Site "https://www.chess.com"]

[Event "Titled Tuesday Blitz March 28 Early 2023"]
[White "Chigaev, Maksim"]
[Black "Alekseenko, Kirill"]
[WhiteFideId "4108116"]
[BlackFideId "4135539"]
[WhiteElo "2547"]
[BlackElo "2683"]
[Result "0-1"]
[Round "09"]
[TimeControl "180+2"]
[Date "2023.03.28"]
[WhiteClock "0:00:02"]
[BlackClock "0:00:16"]

1. Nf3 d5 2. c4 dxc4 3. g3 Nd7 4. Bg2 Nb6 5. O-O Nf6 6. Na3 e6 7. Nxc4 Nxc4 8. Qa4+ Bd7 9. Qxc4 Bc6 10. d3 Be7 11. e4 O-O 12. Be3 Nd7 13. Rfd1 Nb6 14. Qc2 Bf6 15. Rac1 g6 16. h4 h5 17. d4 Qe7 18. Ne5 Bxe5 19. dxe5 Rfd8 20. Bg5 Rxd1+ 21. Rxd1 Qf8 22. b3 a5 23. a4 Nd7 24. Qc1 Nxe5 25. Bf6 Ng4 26. Bb2 f6 27. e5 Bxg2 28. Kxg2 fxe5 29. f3 e4 30. Rf1 exf3+ 31. Rxf3 Qe7 32. Qc3 Kh7 33. Rd3 c6 34. Rd2 Rf8 35. Qxa5 e5 36. Qc3 Qe6 37. Qd3 Qf7 38. Qe2 Qf5 39. Rd6 Rf7 40. Rd2 Qe6 41. Qc4 Ne3+ 0-1


[Site "https://www.chess.com"]

[Event "Titled Tuesday Blitz March 28 Early 2023"]
[White "Makarian, Rudik"]
[Black "Asadli, Vugar"]
[WhiteFideId "44105681"]
[BlackFideId "13405764"]
[WhiteElo "2436"]
[BlackElo "2598"]
[Result "1-0"]
[Round "09"]
[TimeControl "180+2"]
[Date "2023.03.28"]
[WhiteClock "0:00:12"]
[BlackClock "0:01:43"]

1. d4 Nf6 2. c4 g6 3. Nc3 Bg7 4. e4 d6 5. Be2 O-O 6. Be3 Nc6 7. Nf3 Ng4 8. Bg5 h6 9. Bh4 g5 10. Bg3 e5 11. dxe5 Ngxe5 12. h4 Be6 13. hxg5 Nxf3+ 14. gxf3 Qxg5 15. f4 Qa5 16. f5 Bxc3+ 17. bxc3 Qxc3+ 18. Kf1 Bxc4 19. Kg2 Rfe8 20. Bxc4 Qxc4 21. Qg4+ Kf8 22. Rae1 Ke7 23. Rxh6 Rg8 24. f6+ Kf8 25. Rh8 Rxh8 26. Qg7+ Ke8 27. Qxh8+ Kd7 28. Qxa8 Qc3 29. Re3 Qxf6 30. Qxb7 Nd4 31. e5 Qg5 32. exd6 Ne6 33. dxc7 Nf4+ 34. Kf1 1-0


[Site "https://www.chess.com"]

[Event "Titled Tuesday Blitz March 28 Early 2023"]
[White "Preotu, Razvan"]
[Black "Xu, Xiangyu"]
[WhiteFideId "2613280"]
[BlackFideId "8608288"]
[WhiteElo "2407"]
[BlackElo "2477"]
[Result "1/2-1/2"]
[Round "09"]
[TimeControl "180+2"]
[Date "2023.03.28"]
[WhiteClock "0:00:04"]
[BlackClock "0:00:20"]

1. e4 c5 2. Nf3 d6 3. d4 cxd4 4. Nxd4 Nf6 5. Nc3 a6 6. Rg1 b5 7. a4 bxa4 8. g4 g6 9. g5 Nfd7 10. Be3 Bg7 11. h4 Bb7 12. h5 Nc6 13. h6 Be5 14. f4 Bxd4 15. Bxd4 O-O 16. Be3 Nc5 17. e5 Rc8 18. Bxc5 dxc5 19. Qxd8 Rfxd8 20. Bg2 Ba8 21. Nd5 Rb8 22. Rxa4 Nd4 23. c4 Rxb2 24. Rxa6 Bxd5 25. Bxd5 e6 26. Ra8 Rxa8 27. Bxa8 Ra2 28. Bb7 Ra1+ 29. Kf2 Rxg1 30. Kxg1 Ne2+ 31. Kf2 Nxf4 32. Kf3 Nd3 33. Ke4 Nb4 34. Bc8 Kf8 35. Bd7 Ke7 36. Ba4 Kd8 37. Ke3 Na6 38. Ke4 Nc7 39. Kd3 Na8 40. Bb5 Nb6 41. Kc3 Nc8 42. Kd3 Ne7 43. Ke4 Nf5 44. Kf4 Nd4 45. Ba4 Ne2+ 46. Ke3 Ng3 47. Kf4 Nf1 48. Bb5 Ke7 49. Kf3 Nd2+ 50. Kf4 Nb3 51. Ke3 Nd4 52. Ba4 Kd8 53. Kf4 Nf5 54. Ke4 Ne7 55. Kf4 Nc8 56. Ke4 Nb6 57. Bb5 Nd7 58. Bc6 Kc7 59. Bb5 Kc8 60. Ba4 Kd8 61. Bb5 Nb6 62. Kd3 Ke7 63. Bc6 Nc8 64. Ke4 Kd8 65. Bb5 Nb6 66. Kd3 Nd7 67. Ke4 Nb8 68. Kd3 Ke7 69. Kc3 Nd7 70. Bxd7 Kxd7 71. Kb3 Kc6 72. Ka3 Kb6 73. Kb3 Ka6 74. Ka3 1/2-1/2


[Site "https://www.chess.com"]

[Event "Titled Tuesday Blitz March 28 Early 2023"]
[White "Sjugirov, Sanan"]
[Black "Albornoz Cabrera, Carlos Daniel"]
[WhiteFideId "4189302"]
[BlackFideId "3518736"]
[WhiteElo "2569"]
[BlackElo "2501"]
[Result "1-0"]
[Round "09"]
[TimeControl "180+2"]
[Date "2023.03.28"]
[WhiteClock "0:00:06"]
[BlackClock "0:00:22"]

1. d4 Nf6 2. c4 g6 3. Nc3 Bg7 4. e4 d6 5. Nf3 Bg4 6. Be2 O-O 7. O-O Nc6 8. d5 Bxf3 9. Bxf3 Na5 10. Be2 Nd7 11. Bd2 c5 12. Rb1 a6 13. a3 Rc8 14. Qc2 e6 15. g3 exd5 16. exd5 Re8 17. Rfe1 h5 18. h4 Ne5 19. b3 b6 20. Kg2 Qd7 21. Bg5 Ng4 22. Ne4 b5 23. Bxg4 hxg4 24. Nf6+ Bxf6 25. Bxf6 bxc4 26. bxc4 Qf5 27. Qxf5 gxf5 28. Rec1 Re4 29. Rb6 Nxc4 30. Rxa6 Rb8 31. Ra7 Kh7 32. h5 Rf8 33. a4 f4 34. gxf4 Rxf4 35. Be7 Re8 36. Bg5 Rd4 37. Rxf7+ Kg8 38. Rf6 Re5 39. Rg6+ Kf7 40. Bf6 Rxh5 41. Bxd4 Kxg6 42. Rxc4 cxd4 43. Rxd4 Kf5 44. a5 Rh8 45. a6 Ra8 46. Ra4 Ke5 47. Ra5 Kf4 48. a7 Ke4 49. Kg3 Kf5 50. Ra6 Ke5 51. Ra5 Kf5 52. Ra4 Ke5 53. Kxg4 Kxd5 54. f4 Kc6 55. f5 Kb5 56. Ra1 d5 57. f6 d4 58. f7 d3 59. Kf3 Kc4 60. Ke3 Kc3 61. f8=Q Rxf8 62. a8=Q Rxa8 63. Rxa8 d2 64. Rc8+ Kb2 65. Kxd2 Ka1 66. Rc3 Kb2 67. Kd3 Ka1 68. Kc2 Ka2 69. Rb3 Ka1 70. Ra3# 1-0


[Site "https://www.chess.com"]

[Event "Titled Tuesday Blitz March 28 Early 2023"]
[White "Xu, Yi"]
[Black "Kamsky, Gata"]
[WhiteFideId "8605564"]
[BlackFideId "2000024"]
[WhiteElo "2471"]
[BlackElo "2666"]
[Result "1/2-1/2"]
[Round "09"]
[TimeControl "180+2"]
[Date "2023.03.28"]
[WhiteClock "0:00:33"]
[BlackClock "0:00:27"]

1. e4 e5 2. Nf3 Nc6 3. Bc4 Bc5 4. O-O d6 5. c3 Nf6 6. d3 h6 7. Nbd2 a5 8. Re1 O-O 9. Nf1 Be6 10. Bb5 Bd7 11. h3 Ba7 12. Ng3 Ne7 13. Bxd7 Qxd7 14. d4 Ng6 15. Be3 a4 16. Qc2 Rfe8 17. Rad1 Qc6 18. d5 Qc4 19. b3 axb3 20. axb3 Qb5 21. c4 Qb4 22. Bd2 Qb6 23. Be3 Qb4 24. Bd2 Qb6 25. Be3 Qb4 1/2-1/2


[Site "https://www.chess.com"]

[Event "Titled Tuesday Blitz March 28 Early 2023"]
[White "Drygalov, Andrey"]
[Black "Mahdavi, Reza"]
[WhiteFideId "24171735"]
[BlackFideId "12595926"]
[WhiteElo "2471"]
[BlackElo "2208"]
[Result "1/2-1/2"]
[Round "09"]
[TimeControl "180+2"]
[Date "2023.03.28"]
[WhiteClock "0:00:05"]
[BlackClock "0:00:11"]

1. e4 c5 2. Nf3 e6 3. d4 cxd4 4. Nxd4 Nc6 5. Nc3 Qc7 6. Be2 a6 7. Nxc6 bxc6 8. Qd3 d5 9. Qg3 Qxg3 10. hxg3 Nf6 11. g4 Bb4 12. Bd2 d4 13. Nb1 Be7 14. f3 e5 15. a4 Be6 16. b3 h5 17. Na3 g6 18. Nc4 Nd7 19. a5 Kd8 20. f4 Kc7 21. gxh5 f6 22. h6 Bxc4 23. Bxc4 exf4 24. Bxf4+ Bd6 25. Bxd6+ Kxd6 26. O-O-O c5 27. c3 Ke5 28. h7 Nf8 29. Bg8 Ra7 30. Rh6 Nxh7 31. Rxg6 Ng5 32. Bd5 dxc3 33. Rf1 Nxe4 34. Bxe4 Kxe4 35. Rgxf6 Rh2 36. R1f2 c4 37. bxc4 Kd3 38. c5 Rh1+ 39. Rf1 Rxf1+ 40. Rxf1 Rg7 41. c6 Kc4 42. Rd1 Rc7 43. Rd6 Kc5 44. Rg6 Kb5 45. Kc2 Kxa5 46. Kxc3 Kb6 47. g4 Rxc6+ 48. Rxc6+ Kxc6 49. g5 Kd6 50. g6 Ke6 51. Kb4 Kf6 52. Ka5 Kxg6 53. Kxa6 1/2-1/2


[Site "https://www.chess.com"]

[Event "Titled Tuesday Blitz March 28 Early 2023"]
[White "Santos Ruiz, Miguel"]
[Black "Drozdowski, Kacper"]
[WhiteFideId "22291482"]
[BlackFideId "1136720"]
[WhiteElo "2504"]
[BlackElo "2497"]
[Result "0-1"]
[Round "09"]
[TimeControl "180+2"]
[Date "2023.03.28"]
[WhiteClock "0:00:05"]
[BlackClock "0:00:15"]

1. e4 c5 2. Nf3 e6 3. d4 cxd4 4. Nxd4 a6 5. c4 Nf6 6. Nc3 Qc7 7. a3 b6 8. Be3 Bb7 9. f3 d6 10. Be2 Nbd7 11. Qd2 Be7 12. O-O O-O 13. b4 Rac8 14. Rfc1 Qb8 15. Qe1 Bd8 16. Kh1 Bc7 17. Qg1 Rfe8 18. Na4 Ne5 19. c5 dxc5 20. bxc5 b5 21. Nb6 Rcd8 22. a4 bxa4 23. Nxa4 Nc6 24. Rab1 Nxd4 25. Bxd4 Bf4 26. Rd1 Qc7 27. Nb6 h5 28. Be3 Rxd1 29. Rxd1 Be5 30. Nc4 Bc3 31. Nd6 Rb8 32. Rc1 Bb2 33. Rc2 Be5 34. Nxb7 Rxb7 35. c6 Rb3 36. f4 Bc3 37. Qc1 Qxc6 38. Bd4 Nxe4 39. Bf3 Bxd4 40. Rxc6 Nf2+ 41. Kg1 Nd3+ 42. Kf1 Nxc1 43. Rxc1 g6 44. f5 exf5 45. Rc7 Rb2 46. Bd5 Rf2+ 47. Ke1 Kg7 48. Rxf7+ Kh6 49. h3 h4 50. Rb7 Kg5 51. Rb4 Be3 52. Rb3 Bc5 53. Rc3 Bd4 54. Rd3 Rf4 55. Bf3 a5 56. Ra3 Bc5 57. Ra4 Rxa4 0-1


[Site "https://www.chess.com"]

[Event "Titled Tuesday Blitz March 28 Early 2023"]
[White "Gukesh D"]
[Black "Aveskulov, Valeriy"]
[WhiteFideId "46616543"]
[BlackFideId "14109743"]
[WhiteElo "2612"]
[BlackElo "2552"]
[Result "0-1"]
[Round "09"]
[TimeControl "180+2"]
[Date "2023.03.28"]
[WhiteClock "0:00:05"]
[BlackClock "0:00:03"]

1. e4 e6 2. d4 d5 3. Nc3 Nf6 4. e5 Nfd7 5. f4 c5 6. Nf3 Nc6 7. Be3 a6 8. Qd2 b5 9. Bd3 Qb6 10. dxc5 Bxc5 11. Bxc5 Nxc5 12. Qf2 b4 13. Ne2 a5 14. O-O Ba6 15. f5 exf5 16. Nf4 Ne7 17. Rac1 O-O 18. c4 d4 19. Rfd1 Rad8 20. Bb1 Ne4 21. Bxe4 fxe4 22. Nxd4 Qc5 23. e6 Qe5 24. Nd5 Nxd5 25. Nc6 Qg5 26. Nxd8 Nf4 27. exf7+ Kh8 28. Kh1 e3 29. Qg3 Qxg3 30. hxg3 e2 31. Ne6 Nxe6 32. Re1 Nd4 33. Kh2 h5 34. c5 Rxf7 35. c6 Rc7 36. Rc5 g6 37. Rd5 Nxc6 38. Rd6 Kg7 39. Rc1 Bb5 40. b3 Re7 41. Re1 Ne5 42. Rd2 Ng4+ 43. Kg1 Kf6 44. Rd6+ Re6 45. Rb6 Rxb6 0-1


[Site "https://www.chess.com"]

[Event "Titled Tuesday Blitz March 28 Early 2023"]
[White "wqws"]
[Black "Vasquez Schroeder, Rodrigo"]
[BlackFideId "3400042"]
[WhiteElo "2696"]
[BlackElo "2600"]
[Result "0-1"]
[Round "09"]
[TimeControl "180+2"]
[Date "2023.03.28"]
[WhiteClock "0:00:10"]
[BlackClock "0:01:12"]

1. e4 c5 2. Nf3 d6 3. d4 cxd4 4. Nxd4 Nf6 5. Nc3 a6 6. f3 e6 7. g4 h6 8. Be3 b5 9. Qd2 b4 10. Nce2 Nbd7 11. Ng3 d5 12. O-O-O Bb7 13. h4 Qc7 14. Rg1 dxe4 15. g5 hxg5 16. hxg5 Nd5 17. Nxe4 g6 18. Kb1 Nxe3 19. Qxe3 O-O-O 20. Nb3 Be7 21. Qa7 Bxe4 22. Bxa6+ Bb7 23. Na5 Nc5 24. Qa8+ Qb8 25. Bxb7+ Nxb7 26. Qxb8+ Kxb8 27. Nc6+ Kc7 28. Nxd8 Nxd8 29. f4 Nc6 30. Rh1 Rxh1 31. Rxh1 Bd6 32. Rh7 Nd8 33. Rh4 Kc6 34. c4 bxc3 35. bxc3 Kd5 36. Kc2 Ke4 37. Rh8 Nc6 38. Rc8 Kd5 39. c4+ Kc5 40. a4 Bxf4 41. a5 Bxg5 42. a6 Kb6 43. c5+ Kb5 44. Rc7 Nb4+ 45. Kb3 Nxa6 46. Rxf7 Nxc5+ 47. Kc3 Bf6+ 48. Kd2 g5 49. Ke3 Be5 50. Rf1 Bf4+ 51. Kf3 Kc6 52. Re1 e5 53. Kg4 Kd5 54. Kf5 e4 55. Re2 e3 56. Kg4 Ne6 57. Ra2 Nd4 58. Ra1 Ke4 59. Kh3 e2 60. Kg2 Bd2 61. Kf2 e1=Q+ 62. Rxe1+ Bxe1+ 63. Kxe1 Kf3 64. Kf1 Ne2 65. Ke1 g4 66. Kf1 0-1


[Site "https://www.chess.com"]

[Event "Titled Tuesday Blitz March 28 Early 2023"]
[White "Andreikin, Dmitry"]
[Black "Bolourchifard, Farzad"]
[WhiteFideId "4158814"]
[BlackFideId "12510084"]
[WhiteElo "2736"]
[BlackElo "2317"]
[Result "1-0"]
[Round "09"]
[TimeControl "180+2"]
[Date "2023.03.28"]
[WhiteClock "0:00:10"]
[BlackClock "0:00:02"]

1. Nf3 d5 2. g3 Nf6 3. Bg2 Bf5 4. c4 c6 5. O-O e6 6. cxd5 exd5 7. d3 Be7 8. Qb3 Qb6 9. Qc2 O-O 10. Be3 Qa5 11. Nbd2 Nbd7 12. a3 Rfe8 13. b4 Qd8 14. Rab1 a6 15. Nb3 Bd6 16. Nfd4 Bg6 17. Qd2 Bc7 18. Bf4 Nf8 19. Nc5 Bxf4 20. Qxf4 Re7 21. Bh3 Qb8 22. Qxb8 Rxb8 23. Rfc1 N6d7 24. Nxa6 bxa6 25. Nxc6 Ree8 26. Nxb8 Rxb8 27. Rc6 Nb6 28. b5 a5 29. Rbc1 f6 30. Rd6 Be8 31. Rc5 Nfd7 32. Rcc6 Kf8 33. f4 Ke7 34. Kf2 g6 35. Bxd7 Nxd7 36. Re6+ Kf8 37. a4 Kf7 38. Ke3 Nf8 39. Rxf6+ Ke7 40. Ra6 Bd7 41. Kd4 Ne6+ 42. Ke5 Nc5 43. Ra7 Nxa4 44. Re6+ Kd8 45. Rd6 Nb6 46. Rxa5 Ke7 47. Ra7 1-0


[Site "https://www.chess.com"]

[Event "Titled Tuesday Blitz March 28 Early 2023"]
[White "Iniyan, P"]
[Black "Duda, Jan-Krzysztof"]
[WhiteFideId "25002767"]
[BlackFideId "1170546"]
[WhiteElo "2449"]
[BlackElo "2790"]
[Result "0-1"]
[Round "09"]
[TimeControl "180+2"]
[Date "2023.03.28"]
[WhiteClock "0:00:16"]
[BlackClock "0:00:20"]

1. d4 g6 2. c4 Nf6 3. Nf3 Bg7 4. Nc3 d5 5. cxd5 Nxd5 6. e4 Nxc3 7. bxc3 c5 8. Rb1 O-O 9. Be2 cxd4 10. cxd4 Qa5+ 11. Bd2 Qxa2 12. O-O b6 13. Bg5 Bb7 14. d5 e6 15. Nd4 exd5 16. Nb5 dxe4 17. Nc7 Nc6 18. Nxa8 Nd4 19. Re1 Rxa8 20. Rc1 Nxe2+ 21. Rxe2 Qd5 22. Qxd5 Bxd5 23. Rd1 Bb3 24. Rd7 h6 25. Be7 Be6 26. Rc7 Be5 27. Rc1 f5 28. f3 Kf7 29. fxe4 f4 30. Ba3 Kf6 31. Rd2 b5 32. Bd6 Bc4 33. g3 fxg3 34. hxg3 a5 35. Kf2 Bxd6 36. Rxd6+ Ke5 37. Rxg6 Kxe4 38. Rg4+ Kd3 39. Rd1+ Kc2 40. Rdd4 a4 41. Rxc4+ bxc4 42. Rxc4+ Kb3 43. Re4 a3 44. Re3+ Kc4 45. Re4+ Kd3 46. Re1 a2 47. Ra1 Kc2 48. Kf3 Kb2 49. Rh1 a1=Q 50. Rxa1 Kxa1 51. Kg4 Kb2 52. Kh5 Kc3 53. g4 Kd4 54. Kxh6 Ke5 55. g5 Kf5 56. g6 Kf6 57. g7 Kf7 58. Kh7 Rg8 59. Kh6 Rxg7 60. Kh5 Rg6 0-1


[Site "https://www.chess.com"]

[Event "Titled Tuesday Blitz March 28 Early 2023"]
[White "Wagner, Dennis"]
[Black "Sadhwani, Raunak"]
[WhiteFideId "24650684"]
[BlackFideId "35093487"]
[WhiteElo "2470"]
[BlackElo "2631"]
[Result "0-1"]
[Round "09"]
[TimeControl "180+2"]
[Date "2023.03.28"]
[WhiteClock "0:00:13"]
[BlackClock "0:01:45"]

1. d4 g6 2. c4 Bg7 3. e4 d6 4. Nc3 Nc6 5. d5 Ne5 6. h3 Nf6 7. f4 Ned7 8. Be2 O-O 9. Nf3 e6 10. dxe6 fxe6 11. O-O Qe7 12. Be3 Nh5 13. Ng5 Ng3 14. Rf2 h6 15. Nf3 Bxc3 16. bxc3 Nxe4 17. Rf1 Nxc3 18. Qc2 Nxe2+ 19. Qxe2 Nf6 20. Rae1 Kh7 21. Qf2 Nh5 22. g4 Nxf4 23. Bxf4 Rxf4 24. Qe3 Rf8 25. Nd2 Bd7 26. Ne4 Bc6 27. Ng3 e5 28. h4 Qxh4 0-1


[Site "https://www.chess.com"]